 Dungeon Crawl Stone Soup version 0.28-a0-537-g3bccd9ccbf (webtiles) character file.

Game seed: 648931256139644727

4942 meatgazer the Schismatic (level 10, 0/80 HPs)
             Began as a Demonspawn Abyssal Knight on Sept 27, 2021.
             Was an Elder of Lugonu.
             Shot with an arrow by a centaur warrior (21 damage)
             ... on level 8 of the Dungeon.
             The game lasted 00:15:40 (10981 turns).

meatgazer the Schismatic (DsAK)                    Turns: 10981, Time: 00:15:40

Health: 0/80       AC:  9    Str: 17    XL:     10   Next: 28%
Magic:  19/19      EV: 12    Int: 12    God:    Lugonu [****..]
Gold:   277        SH:  6    Dex: 25    Spells: 9/9 levels left

rFire   . . .      SeeInvis .   k - +1 spear (elec)
rCold   + . .      Faith    .   l - +0 buckler
rNeg    . . .      Spirit   .   s - +0 robe "Kahausee" {Dex+10}
rPois   .          Reflect  .   u - +1 hat
rElec   .          Harm     .   r - +2 cloak
rCorr   .          Rampage  .   f - +2 pair of gloves
Will    .....                   (no boots)
Stlth   +++.......              (no amulet)
HPRegen 2.23/turn               g - ring of protection from cold
MPRegen 0.16/turn               (no ring)

@: about to teleport
A: horns 2, thin skeletal structure 1, powered by death 2
a: Renounce Religion, Depart the Abyss, Bend Space, Banish, Corrupt


You were on level 8 of the Dungeon.
You worshipped Lugonu.
Lugonu was greatly pleased with you.
You visited 1 branch of the dungeon, and saw 8 of its levels.
You visited the Abyss 1 time.

You collected 277 gold pieces.

Inventory:

Hand Weapons
 k - a +1 spear of electrocution (weapon)
Armour
 b - a +1 cloak
 f - a +2 pair of gloves (worn)
 l - a +0 buckler (worn)
 r - a +2 cloak (worn)
 s - the +0 robe "Kahausee" (worn) {Dex+10}
   (You found it on level 7 of the Dungeon)

   Dex:       It affects your dexterity (+10).
 u - a +1 hat (worn)
Magical Staves
 c - a staff of poison
Jewellery
 g - a ring of protection from cold (left hand)
 q - a ring of fire
Wands
 a - a wand of paralysis (10)
 e - a wand of mindburst (2)
 o - a wand of flame (17)
 w - a wand of acid (9)
Scrolls
 j - a scroll of amnesia
 v - a scroll of identify
Potions
 d - a potion of might
 h - 3 potions of magic
 i - 2 potions of attraction
 m - a potion of flight {unknown}
 p - a potion of invisibility
 t - a potion of ambrosia {unknown}
 x - 2 potions of mutation {unknown}


   Skills:
 + Level 8.0 Fighting
 + Level 6.7 Polearms
 - Level 2.0 Armour
 - Level 1.0 Dodging
 + Level 1.5 Stealth
 - Level 4.0 Shields
 + Level 13.1 Invocations


You had 9 spell levels left.
You didn't know any spells.
Your spell library contained the following spells:

 Spells                   Type           Power      Damage    Failure   Level
 Foxfire                  Conj/Fire      0%         2x1d4     32%         1
 Sandblast                Erth           0%         2d4       32%         1
 Passwall                 Tmut/Erth      0%         N/A       45%         2
 Conjure Flame            Conj/Fire      0%         6-21      69%         3
 Gell's Gravitas          Tloc           0%         N/A       69%         3
 Ignite Poison            Fire/Tmut/Pois 0%         N/A       69%         3
 Inner Flame              Hex/Fire       0%         N/A       69%         3
 Lesser Beckoning         Tloc           0%         N/A       69%         3
 Mephitic Cloud           Conj/Pois/Air  0%         N/A       69%         3
 Stone Arrow              Conj/Erth      0%         3d7       69%         3
 Summon Guardian Golem    Hex/Summ       0%         N/A       69%         3
 Teleport Other           Tloc           0%         N/A       69%         3
 Flame Wave               Conj/Fire      0%         3d3       97%         4
 Freezing Cloud           Conj/Ice/Air   0%         6-21      100%        5
 Orb of Destruction       Conj           0%         N/A       100%        7
 Spellforged Servitor     Conj/Summ      0%         N/A       100%        7


Dungeon Overview and Level Annotations

Branches:
Dungeon (8/15)             Temple (0/1) D:5
   Lair: D:8-11

Altars:
Trog

Shops:
D:2 !   D:3 [   D:6 *

Annotations:
Abyss:1 Harold, Joseph, Maggie, Prince Ribbit


Innate Abilities, Weirdness & Mutations

You have a pair of horns on your head.
You have a somewhat thin skeletal structure. (Dex +2, Stealth+)
You regenerate health from kills.


Message History

You reach to attack!
You hit the orc wizard.
The orc wizard is severely wounded.
You hit the orc wizard.
Lightning courses through the orc wizard!
You kill the orc wizard!
Lugonu accepts your kill.
An orc priest comes into view.
It is wielding a +0 dagger of holy wrath.
You reach to attack!
You hit the orc but do no damage.
A centaur warrior comes into view.
You reach to attack!
You hit the orc warrior.
Lightning courses through the orc warrior!!
The orc warrior is severely wounded.
The centaur warrior wields a +0 shortbow.
The centaur warrior shoots an arrow.
The arrow misses you.
The orc wizard mumbles some strange words.
The orc wizard flickers and vanishes!
Deactivating autopickup; reactivate with Ctrl-A.
You reach to attack!
You hit the orc warrior.
Lightning courses through the orc warrior!
You kill the orc warrior!
Lugonu accepts your kill.
The centaur warrior shoots an arrow.
The arrow hits you!
You reach to attack!
You closely miss the orc priest.
The centaur warrior shoots an arrow.
The arrow hits you!
The centaur warrior shoots an arrow.
You block the arrow.
The centaur warrior shoots an arrow.
The arrow closely misses you.
The centaur warrior shoots an arrow.
You block the arrow.
A magic dart appears from out of thin air!
The magic dart hits you!
The orc priest calls down the wrath of Beogh upon you.
Beogh smites you!
The centaur warrior shoots an arrow.
The arrow hits you!!
The centaur warrior shoots an arrow.
The arrow hits you!
* * * LOW HITPOINT WARNING * * *
Something hits you.
* * * LOW HITPOINT WARNING * * *
As you read the scroll of teleportation, it crumbles to dust.
You feel strangely unstable.
The centaur warrior shoots an arrow.
The arrow hits you!!
You die...

.. #. #. #.## # #...
#.#.c# # #.#..###.# ##+#
#...@....# ##...##
###..{o..# ##.....#
##.##)## ##.......
#######o#)..####........
...............+........
#######.#.>.####........
#.##.## #....... #.# ##
##.....# #.# ##..(##


You could see a centaur warrior, an orc priest and an orc.

Vanquished Creatures
  Pikel (D:5)
  Grinder (D:3)
  Sigmund (D:2)
  A steam dragon (D:7)
  Menkaure (D:7)
  A water moccasin (D:5)
  An orc warrior (D:8)
  A sky beast (D:5)
  4 ogres
  2 centaurs
  A lemure (D:5)
  3 kobold brigands
  2 bullfrogs
  A gnoll sergeant (D:7)
  A water moccasin skeleton (D:5)
  4 killer bees (D:5)
  A howler monkey (D:7)
  A bullfrog zombie (D:6)
  5 hounds
  Crazy Yiuf (D:4)
  4 orc priests (D:5)
  3 bullfrog skeletons
  A centaur skeleton (D:5)
  3 iguanas
  Ijyb (D:3)
  Terence (D:3)
  2 scorpion zombies (D:3)
  Natasha (thrice) (D:2)
  6 orc wizards
  A hound zombie (D:3)
  2 hound skeletons
  6 gnolls
  6 adders
  2 adder skeletons
  A worm (D:2)
  A dart slug (D:4)
  15 orcs
  8 endoplasms
  3 giant cockroaches
  5 goblins
  12 hobgoblins
  6 jackals (D:4)
  8 quokkas
  7 ball pythons
  2 bats
  4 frilled lizards
  16 kobolds
  4 rats
167 creatures vanquished.

Vanquished Creatures (others)
  A withered plant (D:3)
1 creature vanquished.

Grand Total: 168 creatures vanquished

Notes
Turn   | Place    | Note
-------+----------+-------------------------------------------
     0 | Abyss:1  | meatgazer the Demonspawn Abyssal Knight began the quest for
                  | the Orb.
     0 | Abyss:1  | Reached XP level 1. HP: 18/18 MP: 2/2
    17 | Abyss:1  | Found a viscous altar of Jiyva.
    30 | Abyss:1  | Found a corrupted altar of Lugonu.
    46 | Abyss:2  | Noticed an ancient zyme
    71 | Abyss:3  | Found a corrupted altar of Lugonu.
    84 | Abyss:3  | Noticed an ancient zyme
    90 | Abyss:3  | Noticed a small abomination
   119 | D:1      | Escaped the Abyss
   447 | D:1      | Gained mutation: You regenerate a little health from kills.
                  | [demonic ancestry]
   447 | D:1      | Reached XP level 2. HP: 8/24 MP: 3/3
   807 | D:1      | Found a faded altar of an unknown god.
  2009 | D:1      | Reached skill level 1 in Dodging
  2142 | D:2      | Noticed Sigmund
  2154 | D:2      | Killed Sigmund
  2155 | D:2      | Reached skill level 4 in Invocations
  2155 | D:2      | Reached XP level 3. HP: 30/30 MP: 4/6
  2155 | D:2      | Gained mutation: You have a somewhat thin skeletal
                  | structure. (Dex +2, Stealth+) [demonic ancestry]
  2155 | D:2      | Reached XP level 4. HP: 37/37 MP: 4/7
  2155 | D:2      | Gained mutation: You have a pair of small horns on your
                  | head. [demonic ancestry]
  2155 | D:2      | Reached XP level 5. HP: 42/42 MP: 4/8
  2316 | D:2      | Noticed Natasha
  2327 | D:2      | Killed Natasha
  2328 | D:2      | Reached skill level 5 in Invocations
  2449 | D:2      | Noticed Natasha
  2462 | D:2      | Killed Natasha
  2943 | D:2      | Reached ** piety under Lugonu
  3019 | D:2      | Noticed Natasha
  3032 | D:2      | Killed Natasha
  3033 | D:2      | Gained mutation: You have a pair of horns on your head.
                  | [demonic ancestry]
  3033 | D:2      | Reached XP level 6. HP: 40/49 MP: 10/10
  3225 | D:2      | Found Buopuhoff's Distillery.
  3759 | D:3      | Reached skill level 6 in Invocations
  3988 | D:3      | Noticed Ijyb
  3994 | D:3      | Killed Ijyb
  4181 | D:3      | Noticed Terence
  4181 | D:3      | Noticed Grinder
  4182 | D:3      | Found Fatza Wedy's Armour Shoppe.
  4186 | D:3      | Killed Terence
  4187 | D:3      | Reached skill level 5 in Fighting
  4187 | D:3      | Reached XP level 7. HP: 56/56 MP: 12/12
  4196 | D:3      | Killed Grinder
  4197 | D:3      | Reached skill level 7 in Invocations
  4204 | D:3      | Reached *** piety under Lugonu
  4758 | D:3      | Reached skill level 8 in Invocations
  5373 | D:4      | Found a runed translucent door.
  5374 | D:4      | Noticed Crazy Yiuf
  5522 | D:4      | Killed Crazy Yiuf
  5523 | D:4      | Reached XP level 8. HP: 41/64 MP: 14/14
  5720 | D:5      | Entered Level 5 of the Dungeon
  5764 | D:5      | Reached skill level 9 in Invocations
  6142 | D:5      | Noticed Pikel
  6152 | D:5      | Killed Pikel
  6153 | D:5      | Reached skill level 5 in Polearms
  6153 | D:5      | Reached skill level 10 in Invocations
  6376 | D:5      | Reached skill level 1 in Shields
  6393 | D:5      | Reached **** piety under Lugonu
  6394 | D:5      | Reached XP level 9. HP: 68/71 MP: 15/17
  6473 | D:5      | Found a staircase to the Ecumenical Temple.
  6575 | D:5      | Found a bloodstained altar of Trog.
  6579 | D:5      | Reached skill level 11 in Invocations
  8109 | D:6      | Found Ykegew's Assorted Antiques.
  9164 | D:7      | Noticed Prince Ribbit
  9446 | D:7      | Banished Prince Ribbit
  9452 | D:7      | Identified the +0 robe "Kahausee" {Dex+10}
  9704 | D:7      | Noticed Harold
  9708 | D:7      | Banished Harold
  9709 | D:7      | Reached skill level 12 in Invocations
  9937 | D:7      | Gained mutation: You regenerate health from kills. [demonic
                  | ancestry]
  9937 | D:7      | Reached XP level 10. HP: 79/80 MP: 19/19
  9984 | D:7      | Noticed Menkaure
  9994 | D:7      | Killed Menkaure
 10397 | D:7      | Noticed Maggie
 10400 | D:7      | Banished Maggie
 10482 | D:7      | Noticed Joseph
 10486 | D:7      | Banished Joseph
 10487 | D:7      | Reached skill level 1 in Stealth
 10487 | D:7      | Reached skill level 13 in Invocations
 10973 | D:8      | Noticed a centaur warrior
 10981 | D:8      | Shot with an arrow by a centaur warrior

Illustrated notes

Levels and vault maps discovered:
D:1:      dpeg_arrival_rhombi, layout_basic, serial_co_window_serial,
          co_window_paths_b, co_window_paths_a, co_window_paths_a,
          co_window_paths_a, co_window_corner_a, co_window_broadway_a,
          co_window_of_opportunity_b, co_window_broadway_b,
          co_window_unsneaky_path_d, co_window_4corner_b, glass_columns_a,
          basic_ecumenical_altar
D:2:      layout_loops_ring, serial_shops, shop, chequers_jeans,
          minmay_box_of_dots, uniq_sigmund, uniq_natasha
D:3:      layout_loops_corners, serial_undead, serial_undead_e, serial_undead_d,
          serial_undead_f, serial_undead_b, serial_shops, shop,
          cheibrodos_gnoll_hut, uniq_terence, uniq_ijyb, uniq_grinder
D:4:      layout_basic, uniq_crazy_yiuf_cottage
D:5:      layout_loops_ring, trog_butcher_becter,
          minmay_temple_entry_large_hall, uniq_pikel
D:6:      layout_cave_pools, serial_shops, kennysheep_mini_moat
D:7:      layout_cave_pods, uniq_maggie, uniq_menkaure, uniq_harold,
          uniq_prince_ribbit1, uniq_joseph
D:8:      minmay_distorted_concentric_squares, layout_loops_corners, st_stairs_9

Skill      XL: |  1  2  3  4  5  6  7  8  9 10 |
---------------+-------------------------------+-----
Polearms       | 2 3 4 5 6 |  6.7
Armour         | 2 |  2.0
Dodging        | 1 |  1.0
Fighting       | 4 5 6 7 8 |  8.0
Invocations    | 4 5 6 8 10 12 13 | 13.1
Shields        | 1 4 |  4.0
Stealth        | 1 |  1.5

Action                   |  1- 3 |  4- 6 |  7- 9 | 10-12 || total
-------------------------+-------+-------+-------+-------++-------
Melee: Spear             |    93 |   154 |   343 |    38 ||   628
       Headbutt          |       |    21 |    60 |     3 ||    84
Invok: Bend Space        |       |       |     2 |       ||     2
       Banish            |       |       |     3 |     3 ||     6
Evoke: Wand              |       |     7 |     9 |       ||    16
  Use: Scroll            |     9 |     1 |    13 |     1 ||    24
       Potion            |     2 |       |     5 |       ||     7
 Stab: Sleeping          |       |     7 |    14 |       ||    21
       Confused          |       |       |     1 |       ||     1
Armor: Leather armour    |    27 |    25 |    94 |       ||   146
       Robe              |       |       |     8 |     4 ||    12
Dodge: Dodged            |    44 |    65 |   150 |     9 ||   268
Block: Buckler           |       |       |     1 |     5 ||     6

Table legend: (Time is in decaauts)
 A = Elapsed time spent in this place.
 B = Non-inter-level travel time spent in this place.
 C = Inter-level travel time spent in this place.
 D = Time resting spent in this place.
 E = Time spent auto-exploring this place.
 F = Levels seen in this place.
 G = Mean time per level.
                   A        B        C        D        E       F      G
               +--------+--------+--------+--------+--------+-----+--------+
         Total |  10947 |  10592 |    355 |   3947 |   5346 |  12 |  912.2 |
       Dungeon |  10829 |  10474 |    355 |   3947 |   5294 |   8 | 1353.6 |
         Abyss |    118 |    118 |      0 |      0 |     52 |   4 |   29.5 |
               +--------+--------+--------+--------+--------+-----+--------+

Top non-repeatable levels by time:
     D:1: 1964 daAuts
     D:5: 1696 daAuts
     D:6: 1660 daAuts
     D:7: 1450 daAuts
     D:3: 1448 daAuts
     D:2: 1401 daAuts
     D:4: 1107 daAuts
     D:8: 101 daAuts
 Abyss:2: 35 daAuts
 Abyss:1: 32 daAuts
 Abyss:3: 30 daAuts
 Abyss:4: 19 daAuts
